 Dungeon Crawl Stone Soup version 0.28.0 (webtiles) character file.

Game seed: 16259513982242373073

378 horus123 the Grave Robber (level 6, -2/35 HPs)
             Began as a Deep Elf Necromancer on Feb 11, 2022.
             Slain by an orc warrior (21 damage)
             ... on level 3 of the Dungeon.
             The game lasted 00:08:01 (5262 turns).

horus123 the Grave Robber (Deep Elf Necromancer)    Turns: 5262, Time: 00:08:02

Health: -2/35      AC:  7    Str:  5    XL:     6   Next: 45%
Magic:  13/14      EV: 12    Int: 22    God:
Gold:   175        SH:  0    Dex: 15    Spells: 5/13 levels left

rFire   . . .      SeeInvis .   m - +1 short sword (speed)
rCold   . . .      Faith    .   (no shield)
rNeg    . . .      Spirit   .   a - +0 robe
rPois   .          Reflect  .   i - +2 helmet
rElec   .          Harm     .   (no cloak)
rCorr   .          Rampage  .   c - +0 pair of gloves
Will    .....                   f - +0 pair of boots
Stlth   ++........              e - amulet of the acrobat
HPRegen 0.11/turn               (no ring)
MPRegen 0.14/turn               (no ring)

@: mighty
A: no striking features
a: no special abilities


You were on level 3 of the Dungeon.
You visited 1 branch of the dungeon, and saw 4 of its levels.

You collected 175 gold pieces.

Inventory:

Hand Weapons
 h - a +2 dagger of speed
 m - a +1 short sword of speed (weapon)
Missiles
 g - a throwing net
Armour
 a - a +0 robe (worn)
 c - a +0 pair of gloves (worn)
 f - a +0 pair of boots (worn)
 i - a +2 helmet (worn)
Jewellery
 e - an amulet of the acrobat (around neck)
Scrolls
 l - 2 scrolls of identify
Potions
 b - a potion of might
 d - 2 potions of mutation {unknown}
 k - a potion of curing {unknown}


   Skills:
 - Level 2.2 Fighting
 - Level 2.0 Short Blades
 - Level 2.4 Dodging
 - Level 2.4 Stealth
 - Level 4.2 Spellcasting
 + Level 7.6 Necromancy


You had 5 spell levels left.
You knew the following spells:

 Your Spells              Type           Power      Damage    Failure   Level
a - Pain                  Necr           100%       1d9       1%          1
b - Vampiric Draining     Necr           38%        2d8       1%          3
c - Animate Dead          Necr           19%        N/A       4%          4

Your spell library contained the following spells:

 Spells                   Type           Power      Damage    Failure   Level
 Animate Skeleton         Necr           76%        N/A       1%          1
 Sublimation of Blood     Necr           38%        N/A       1%          2
 Magic Dart               Conj           16%        1d3       11%         1
 Agony                    Necr           38%        N/A       13%         5
 Excruciating Wounds      Necr           19%        N/A       13%         5
 Call Imp                 Summ           4%         N/A       17%         2
 Mephitic Cloud           Conj/Pois/Air  4%         N/A       32%         3
 Flame Wave               Conj/Fire      4%         2d5       73%         4
 Simulacrum               Ice/Necr       10%        N/A       98%         6


Dungeon Overview and Level Annotations

Branches:
Dungeon (4/15)
 Temple: D:4-7

Altars:


Message History

Your orc priest zombie closely misses the orc warrior.
Aiming: Pain (safe; 1% risk of failure)
Press: ? - help, Q - select action, (/) - cycle Shift-Dir - straight line, f - orc warrior
Aim: an orc warrior, wielding a +0 dire flail and wearing a +0 chain mail (ally target, chance to affect: 83%)
Okay, then.
The orc warrior hits you with a +0 dire flail!
The orc completely misses you.
The orc hits your orc priest zombie but does no damage.
The gnoll misses you.
Your orc priest zombie hits the orc warrior but does no damage.
The gnoll hits you but does no damage. The orc misses you.
The orc hits your orc priest zombie but does no damage.
Your orc priest zombie hits the orc with a +0 falchion.
The gnoll completely misses you. The orc misses you.
The gnoll hits you from afar with a +0 spear.
Your orc priest zombie hits the gnoll but does no damage.
Things that are here:
a +0 club; a +0 robe
Found 16 arrows.
Found a stone staircase leading down.
Hit: m) +1 short sword (speed)
Press: ? - help, Dir - move target Your weapon can't reach that far!
Okay, then.
You are no longer glowing.
Items here: ))) [[.
There is a stone staircase leading up here.
The orc warrior misses you.
You climb upwards.
There is a stone staircase leading down here.
The orc warrior barely misses you.
Unknown command.
You feel very mighty all of a sudden.
You hit the orc warrior.
The orc warrior is lightly wounded.
The orc warrior hits you with a +0 dire flail.
You hit the orc warrior but do no damage.
The orc warrior is lightly wounded.
The orc warrior hits you with a +0 dire flail!!
Ouch! That really hurt!
You die...

#............# #............####
#######.......... #..........
#.......... ##### #......>...
....# #..........
....###################..........
................@o........###.###
....#####################.# #.#
#.....................# #.# #.#
#.###################.# #.# #.#
#.#<# #.# #.# #.# #.#.# #.# #.#
#[# #.#.# #.# #.# #.# #.#.# #.#
#.# #)# #.#.#################.#
#.# #.#


You could see an orc warrior.

Vanquished Creatures
  A bullfrog (D:4)
  A jelly (D:3)
  2 orc priests (D:4)
  A gnoll shaman (D:4)
  2 orc wizards (D:3)
  4 adders
  2 worms
  3 dart slugs
  9 orcs
  7 ball pythons
  12 endoplasms
  2 giant cockroaches
  8 goblins
  9 hobgoblins
  2 quokkas
  4 bats
  5 frilled lizards
  4 kobolds
  A quokka skeleton (D:4)
  9 rats
88 creatures vanquished.

Vanquished Creatures (collateral kills)
  A gnoll (D:4)
1 creature vanquished.

Vanquished Creatures (others)
  6 plants (D:4)
6 creatures vanquished.

Grand Total: 95 creatures vanquished

Notes
Turn   | Place    | Note
-------+----------+-------------------------------------------
     0 | D:1      | horus123 the Deep Elf Necromancer began the quest for the
                  | Orb.
     0 | D:1      | Reached XP level 1. HP: 10/10 MP: 6/6
   403 | D:1      | Reached XP level 2. HP: 12/15 MP: 6/9
   636 | D:1      | Reached skill level 5 in Necromancy
  1143 | D:1      | Reached XP level 3. HP: 10/19 MP: 4/10
  1293 | D:1      | Learned a level 3 spell: Vampiric Draining
  1770 | D:2      | Reached skill level 6 in Necromancy
  1805 | D:2      | Reached XP level 4. HP: 15/24 MP: 6/12
  2335 | D:2      | Learned a level 4 spell: Animate Dead
  2566 | D:2      | Identified the +1 leather armour "Zarghie" {rElec Will+++
                  | Str-5}
  3579 | D:3      | Reached skill level 7 in Necromancy
  3705 | D:3      | Reached skill level 1 in Short Blades
  3705 | D:3      | Reached XP level 5. HP: 26/28 MP: 10/13
  4457 | D:4      | Identified a scroll of acquirement
  4458 | D:4      | Acquired the Almanac of Evil and the Blaze
  4491 | D:4      | Reached skill level 1 in Fighting
  4642 | D:4      | Reached XP level 6. HP: 32/35 MP: 10/14
  5179 | D:4      | Noticed an orc warrior
  5262 | D:3      | Slain by an orc warrior

Illustrated notes

Levels and vault maps discovered:
D:1:      lemuel_arrival_rhombus, layout_basic, minmay_pentomino_s2
D:2:      layout_basic, chequers_jeans
D:3:      kennysheep_big_flooded_room, layout_basic, minmay_misc_feat_diagonals,
          serial_park_tiny_1
D:4:      layout_cave_pods, serial_bayou_pond_b

Skill      XL: |  1  2  3  4  5  6 |
---------------+-------------------+-----
Spellcasting   | 4 |  4.2
Necromancy     | 5 6 7 |  7.6
Short Blades   | 1 2 |  2.0
Fighting       | 1 2 |  2.2
Dodging        | |  2.4
Stealth        | |  2.4

Action                   |  1- 3 |  4- 6 || total
-------------------------+-------+-------++-------
Melee: Unarmed           |     1 |       ||     1
       Short sword       |       |    15 ||    15
       Dagger            |       |     5 ||     5
 Cast: Pain              |    68 |   110 ||   178
       Animate Dead      |       |     1 ||     1
  Use: Scroll            |     1 |     6 ||     7
       Potion            |       |     1 ||     1
Armor: Robe              |     1 |    10 ||    11
Dodge: Dodged            |    13 |    22 ||    35
